 Dungeon Crawl Stone Soup version 0.30-a0-159-g068b764562 (webtiles) character file.

Game seed: 14147843944648692568

110 Shard1697 the Cudgeller (level 4, -1/35 HPs)
             Began as a Demonspawn Fighter on Sept 27, 2022.
             Slain by a phantom (5 damage)
             ... on level 3 of the Dungeon.
             The game lasted 00:03:07 (2553 turns).

Shard1697 the Cudgeller (Demonspawn Fighter)        Turns: 2553, Time: 00:03:08

Health: -1/35      AC:  7    Str: 19    XL:     4   Next: 61%
Magic:  4/4        EV:  9    Int:  9    God:
Gold:   249        SH:  4    Dex: 12    Spells: 3/3 levels left

rFire   . . .      SeeInvis .    a - +0 flail
rCold   . . .      Faith    .    c - +0 buckler
rNeg    . . .      Spirit   .    b - +0 scale mail
rPois   .          Reflect  .    (no helmet)
rElec   .          Harm     .    (no cloak)
rCorr   .          Rampage  .    (no gloves)
Will    .....                    (no boots)
Stlth   ..........               (no amulet)
HPRegen 0.11/turn                (no ring)
MPRegen 0.09/turn                (no ring)

@: lethally poisoned (-1 -> -7)
A: sharp scales 1
a: no special abilities


You were on level 3 of the Dungeon.
You visited 1 branch of the dungeon, and saw 4 of its levels.

You collected 249 gold pieces.

Inventory:

Hand Weapons
 a - a +0 flail (weapon)
 t - a +1 dagger of venom
Missiles
 e - 40 stones (quivered)
Armour
 b - a +0 scale mail (worn)
 c - a +0 buckler (worn)
Scrolls
 f - a scroll of noise {unknown}
 i - a scroll of immolation {unknown}
 j - 7 scrolls of identify {unknown}
 m - a scroll of fog {unknown}
 n - a scroll of enchant armour {unknown}
 o - a scroll of vulnerability {unknown}
 s - a scroll of summoning {unknown}
 v - a scroll of magic mapping {unknown}
Potions
 d - 2 potions of might
 g - a potion of ambrosia {unknown}
 h - 3 potions of heal wounds {unknown}
 k - a potion of experience {unknown}
 l - a potion of curing {unknown}
 p - 2 potions of attraction {unknown}
 q - a potion of berserk rage {unknown}
 r - 2 potions of flight {unknown}
 u - a potion of brilliance {unknown}


   Skills:
 - Level 3.0 Fighting
 + Level 4.3 Maces & Flails
 - Level 2.7 Armour
 - Level 2.7 Shields


You had 3 spell levels left.
You didn't know any spells.
Your spell library contained the following spells:

 Spells                   Type           Power      Damage    Failure   Level
 Foxfire                  Conj/Fire      0%         2x1d4     85%         1
 Summon Small Mammal      Summ           0%         N/A       85%         1
 Call Canine Familiar     Summ           0%         N/A       99%         3
 Summon Guardian Golem    Hex/Summ       0%         N/A       99%         3
 Fireball                 Conj/Fire      0%         3d3       100%        5
 Starburst                Conj/Fire      0%         6d3       100%        6


Dungeon Overview and Level Annotations

Branches:
Dungeon (4/15)
 Temple: D:4-7

Altars:


Innate Abilities, Weirdness & Mutations

You are partially covered in razor-sharp scales. (AC +1, Slay +1)


Message History

You sock the giant cockroach!
You kill the giant cockroach!
No target in view!
No target in view!
No target in view!
No target in view!
No target in view!
No target in view!
You see here a giant cockroach corpse. 3 gnolls come into view.
A gnoll is wielding a +0 vorpal halberd.
The gnoll shouts! x3; You hear a shout!
The gnoll hits you from afar with a +0 vorpal halberd.
There are monsters nearby!
There is a stone staircase leading up here.
The gnoll hits you from afar with a +0 vorpal halberd.
You climb upwards.
There is a stone staircase leading down here.
You see here a +0 robe.
There is a stone staircase leading down here.
You climb downwards.
The gnoll shouts!
You block the gnoll's attack.
There is a stone staircase leading up here.
The gnoll hits you from afar with a +1 halberd of venom!
You are poisoned.
The gnoll hits you from afar with a +0 halberd.
The phantom hits you but does no damage.
The jackal closely misses you.
You climb upwards.
* * * LOW HITPOINT WARNING * * *
You feel very sick.
There is a stone staircase leading down here.
* * * LOW HITPOINT WARNING * * *
You feel sick.
The jackal bites you but does no damage.
* * * LOW HITPOINT WARNING * * *
You feel sick. The phantom attacks as you move away! The phantom hits you.
You die...

#.......###.#......>#...........
#...........#####.)##.#######...
###...#.###.# #..##.# ##.#
#...#.###.#####..##.# #.#
#...#.##.......>....###### #.#
####...#.##.##.#....##......#
#..
............##>#[#...#......#
#..
.............).W............#
#..
...........####h@###.#......#
#.. ####...##### #.............#
#.. ##.....## #.##.##########
#.. #.#...#.# #.#### #..
##.....## #.# #.. ##.).##
#.###### ### #####.## #......#
########## ......### ######.#
#....>.... ........# #.#
#.########


You could see a phantom and a jackal.

Vanquished Creatures
  2 gnolls
  3 adders (D:2)
  4 bats
  4 endoplasms
  A giant cockroach (D:4)
  6 goblins
  2 hobgoblins
  8 jackals
  5 quokkas
  8 ball pythons
  3 frilled lizards
  3 kobolds
  11 rats
60 creatures vanquished.

Notes
Turn   | Place    | Note
-------+----------+-------------------------------------------
     0 | D:1      | Shard1697 the Demonspawn Fighter began the quest for the
                  | Orb.
     0 | D:1      | Reached XP level 1. HP: 18/18 MP: 1/1
   158 | D:1      | Reached skill level 2 in Maces & Flails
   244 | D:1      | Gained mutation: You are partially covered in razor-sharp
                  | scales. (AC +1, Slay +1) [demonic ancestry]
   244 | D:1      | Reached XP level 2. HP: 22/24 MP: 2/2
   595 | D:1      | Reached skill level 3 in Maces & Flails
   712 | D:1      | Reached XP level 3. HP: 28/29 MP: 3/3
  1199 | D:2      | Reached XP level 4. HP: 33/35 MP: 4/4
  1400 | D:2      | Reached skill level 4 in Maces & Flails
  2548 | D:4      | Noticed a phantom
  2553 | D:3      | Slain by a phantom

Illustrated notes

Levels and vault maps discovered:
D:1:      saegor_arrival_under_anarchy, layout_rooms
D:2:      layout_basic, kennysheep_generic_room_12
D:3:      layout_loops_cross
D:4:      layout_basic, minmay_temple_entry_nine_rooms, grunt_ministairs_2,
          uniq_menkaure

Skill      XL: |  1  2  3  4 |
---------------+-------------+-----
Maces & Flails | 2 3 4 |  4.3
Fighting       | |  3.0
Armour         | |  2.7
Shields        | |  2.7

Action                   |  1- 3 |  4- 6 || total
-------------------------+-------+-------++-------
Melee: Flail             |    82 |    75 ||   157
Throw: Stone             |     6 |       ||     6
Armor: Scale mail        |    24 |    45 ||    69
Dodge: Dodged            |    34 |    32 ||    66
Block: Buckler           |    28 |    19 ||    47

Table legend: (Time is in decaauts)
 A = Elapsed time spent in this place.
 B = Non-inter-level travel time spent in this place.
 C = Inter-level travel time spent in this place.
 D = Time resting spent in this place.
 E = Time spent auto-exploring this place.
 F = Levels seen in this place.
 G = Mean time per level.
                   A        B        C        D        E       F      G
               +--------+--------+--------+--------+--------+-----+--------+
         Total |   2599 |   2513 |     86 |    191 |   1859 |   4 |  649.8 |
       Dungeon |   2599 |   2513 |     86 |    191 |   1859 |   4 |  649.8 |
               +--------+--------+--------+--------+--------+-----+--------+

Top non-repeatable levels by time:
     D:2: 885 daAuts
     D:1: 845 daAuts
     D:3: 834 daAuts
     D:4: 32 daAuts
